 Dungeon Crawl Stone Soup version 0.28-a0-410-gbef64dd269 (webtiles) character file.

Game seed: 13006983963694072872

343920 SolCadguy the Warrior (level 21, -6/198 HPs)
             Began as a Red Draconian Ice Elementalist on Sept 3, 2021.
             Was the Champion of Vehumet.
             Mangled by Aizul (30 damage)
             ... on level 1 of the Depths on Sept 6, 2021.
             The game lasted 06:23:25 (71193 turns).

SolCadguy the Warrior (DrIE)                       Turns: 71193, Time: 06:23:26

Health: -6/198     AC: 23    Str: 19    XL:     21   Next: 14%
Magic:  6/41       EV: 13    Int: 27    God:    Vehumet [******]
Gold:   1070       SH:  0    Dex: 13    Spells: 6/52 levels left

rFire   + . .      SeeInvis +   T - +7 double sword (freeze)
rCold   + + +      Faith    .   J - +1 kite shield {AC+3}
rNeg    . . .      Spirit   .   (armour unavailable)
rPois   +          Reflect  +   w - +2 hat {Will+}
rElec   +          Harm     .   C - +2 cloak {rPois}
rCorr   +          Rampage  .   F - +0 pair of gloves of Liberty {rF- Int+5}
Will    +++..                   A - +2 pair of boots
Stlth   +++.......              h - amulet "Weshuitz" {Reflect rPois rF- rC++ rCorr SH+5}
HPRegen 0.43/turn               X - ring of Ralovifouss {rF+ rC+ Will+ SInv Stlth+}
MPRegen 0.27/turn               R - +6 ring of strength

@: swift, resistant, sleeping, hasted, studying Crossbows, quick
A: breathe fire, AC +11, unfitting armour, fire resistance 1, cold-blooded,
talons 1, mutation resistance 1
}: 2/15 runes: serpentine, barnacled
a: Breathe Fire, Renounce Religion


You were on level 1 of the Depths.
You worshipped Vehumet.
Vehumet was exalted by your worship.
You visited 8 branches of the dungeon, and saw 37 of its levels.
You visited the Abyss 1 time.
You also visited: Ice Cave and Volcano.

You collected 4852 gold pieces.
You spent 3782 gold pieces at shops.

Inventory:

Hand Weapons
 L - a +4 scimitar of holy wrath
 Q - the +8 rapier "Fivil" {holy, rF+ rC- Int+3 Dex+3}
   (You found it on level 5 of the Lair of Beasts)

   It has been blessed by the Shining One to cause great damage to the undead
   and demons.
   Int:       It affects your intelligence (+3).
   Dex:       It affects your dexterity (+3).
   rF:        It protects you from fire.
   rC:        It makes you vulnerable to cold.
 T - a +7 double sword of freezing (weapon)
Missiles
 d - 12 curare-tipped darts
 o - 78 poisoned darts (quivered)
 G - 14 throwing nets
 Y - 83 boomerangs
Armour
 s - a +0 buckler
 w - a +2 hat of willpower (worn)
 A - a +2 pair of boots (worn)
 C - a +2 cloak of poison resistance (worn)
 F - the +0 pair of gloves of Liberty (worn) {rF- Int+5}
   (You found it in a volcano)

   Int:       It affects your intelligence (+5).
   rF:        It makes you vulnerable to fire.
 J - a +1 kite shield of protection (worn)
 M - a +0 pair of gloves
Magical Staves
 c - a staff of conjuration
 S - a staff of fire
Jewellery
 b - a +6 ring of intelligence
 e - an amulet of regeneration
 h - the amulet "Weshuitz" (around neck) {Reflect rPois rF- rC++ rCorr SH+5}
   (You acquired it on level 1 of the Lair of Beasts)

   [amulet of reflection]

   It reflects blocked missile attacks.
   rF:        It makes you vulnerable to fire.
   rC:        It greatly protects you from cold.
   rPois:     It protects you from poison.
   rCorr:     It protects you from acid and corrosion.
   SH:        It affects your SH (+5).
 v - a +4 ring of protection
 z - a +4 ring of slaying
 N - a +4 ring of evasion
 O - a ring of fire
 R - a +6 ring of strength (right hand)
 X - the ring of Ralovifouss (left hand) {rF+ rC+ Will+ SInv Stlth+}
   (You bought it in a shop on level 4 of the Snake Pit)

   [ring of willpower]

   rF:        It protects you from fire.
   rC:        It protects you from cold.
   SInv:      It lets you see invisible.
   Will:      It increases your willpower.
   Stlth:     It makes you more stealthy.
Wands
 k - a wand of charming (25)
 y - a wand of polymorph (14)
 D - a wand of digging (17)
 E - a wand of iceblast (65)
 I - a wand of flame (93)
 P - a wand of paralysis (14)
Scrolls
 f - a scroll of brand weapon
 g - 11 scrolls of identify
 i - a scroll of fog
 m - 9 scrolls of teleportation
Potions
 j - 4 potions of invisibility
 l - a potion of resistance
 q - a potion of magic
 r - a potion of haste
 t - 10 potions of curing
 u - 3 potions of flight
 H - 3 potions of brilliance
 K - a potion of cancellation
Miscellaneous
 p - a box of beasts
 Z - a phial of floods


   Skills:
 - Level 19.0 Fighting
 - Level 16.0 Long Blades
 - Level 1.6 Polearms
 - Level 6.3 Dodging
 - Level 1.7 Stealth
 + Level 7.2 Shields
 + Level 16.3 Spellcasting
 - Level 13.1 Conjurations
 + Level 17.6 Fire Magic
 - Level 8.0 Ice Magic
 - Level 6.2 Air Magic
 - Level 12.5 Evocations


You had 6 spell levels left.
You knew the following spells:

 Your Spells              Type           Power      Damage    Failure   Level
a - Freeze                Ice            100%       1d11      1%          1
b - Frozen Ramparts       Ice            100%       1d12      1%          3
c - Ozocubu's Armour      Ice            60%        N/A       1%          3
d - Shock                 Conj/Air       100%       1d9       1%          1
e - Hailstorm             Conj/Ice       68%        3d14      1%          4
f - Foxfire               Conj/Fire      100%       2x1d9     0%          1
g - Conjure Flame         Conj/Fire      81%        6-21      1%          3
h - Ignite Poison         Fire/Tmut/Pois 52%        N/A       1%          3
i - Starburst             Conj/Fire      40%        6d12      1%          6
j - Iskenderun's Battles  Conj           75%        2d12      1%          5
k - Swiftness             Air            53%        N/A       1%          3
l - Freezing Cloud        Conj/Ice/Air   31%        6-21      1%          5
m - Ignition              Fire           43%        3d13      8%          8

Your spell library contained the following spells:

 Spells                   Type           Power      Damage    Failure   Level
 Fire Storm               Conj/Fire      40%        8d10      93%         9
 Chain Lightning          Conj/Air       32%        3d43      100%        9
 Polar Vortex             Ice            30%        N/A       100%        9
 Magic Dart               Conj           100%       1d8       1%          1
 Ensorcelled Hibernation  Hex/Ice        86%        N/A       1%          2
 Static Discharge         Conj/Air       65%        N/A       1%          2
 Dazzling Flash           Conj/Hex       100%       N/A       1%          3
 Mephitic Cloud           Conj/Pois/Air  54%        N/A       1%          3
 Airstrike                Air            26%        N/A       1%          4
 Fulminant Prism          Conj/Hex       27%        3d14      1%          4
 Iskenderun's Mystic Bla  Conj/Tloc      55%        2d12      1%          4
 Sticky Flame             Conj/Fire      81%        2d9       1%          4
 Lightning Bolt           Conj/Air       32%        1d50      1%          5
 Corpse Rot               Necr/Air       N/A        N/A       2%          2
 Animate Skeleton         Necr           44%        N/A       6%          1
 Apportation              Tloc           44%        N/A       6%          1
 Corona                   Hex            22%        N/A       6%          1
 Summon Small Mammal      Summ           88%        N/A       6%          1
 Call Imp                 Summ           22%        N/A       9%          2
 Summon Ice Beast         Ice/Summ       43%        N/A       12%         4
 Spider Form              Tmut/Pois      11%        N/A       19%         3
 Metabolic Englaciation   Hex/Ice        21%        N/A       32%         5
 Lee's Rapid Deconstruct  Erth           11%        3d9*      38%         5
 Animate Dead             Necr           11%        N/A       52%         4
 Dispel Undead            Necr           22%        3d12      52%         4
 Leda's Liquefaction      Hex/Erth       11%        N/A       52%         4
 Petrify                  Tmut/Erth      22%        N/A       52%         4
 Alistair's Intoxication  Tmut/Pois      14%        N/A       86%         5
 Borgnjor's Vile Clutch   Necr/Erth      11%        N/A       86%         5
 Summon Forest            Summ/Tloc      11%        N/A       86%         5
 Summon Mana Viper        Hex/Summ       22%        N/A       86%         5
 Simulacrum               Ice/Necr       21%        N/A       87%         6
 Death Channel            Necr           11%        N/A       100%        6
 Invisibility             Hex            11%        N/A       100%        6
 Statue Form              Tmut/Erth      14%        N/A       100%        6
 Summon Cactus Giant      Summ           11%        N/A       100%        6
 Maxwell's Capacitive Co  Air            26%        ∞         99%         8


Dungeon Overview and Level Annotations

Branches:
Dungeon (15/15)            Temple (1/1) D:5            Lair (6/6) D:9
 Shoals (4/4) Lair:4        Snake (4/4) Lair:2        Slime (0/5) Lair:6
    Orc (2/2) D:9             Elf (0/3) Orc:2        Vaults (4/5) D:14
  Crypt (0/3) Vaults:2     Depths (1/5) D:15          IceCv (visited)
Volcano (visited)

Altars:
Ashenzari
Cheibriados
Dithmenos
Elyvilon
Fedhas
Gozag
Hepliaklqana
Kikubaaqudgha
Makhleb
Nemelex Xobeh
Okawaru
Qazlal
Ru
Sif Muna
Trog
Uskayaw
Vehumet
Wu Jian
Xom
Yredelemnul
Zin
The Shining One
Beogh

Shops:
D:7 *   D:9 (   Orc:1 [   Orc:2 :[??   Shoals:1 [:![   Snake:2 :!   Snake:4 =:=
Vaults:3 *([[*   Vaults:4 :   Depths:1 ?

Portals:
Pandemonium: Orc:2
Trove: D:11 (show slimy rune of Zot)

Annotations:
D:3 Grinder
D:9 4 runed translucent doors
Lair:5 2 transporters, Ceusitew's ghost, journeyman TrMo
Orc:1 2 transporters
Depths:1 Aizul; Asterion


Innate Abilities, Weirdness & Mutations

You can breathe blasts of fire.
Your fiery red scales are hard. (AC +11)
You cannot fit into any form of body armour.
Your flesh is heat resistant. (rF+)
You are cold-blooded and may be slowed by cold attacks.
You have sharp toenails.
You are somewhat resistant to further mutation.


Message History

Aizul coils herself and waves her upper body at you.
The bolt of poison hits you but does no damage.
You resist.
Casting: Freezing Cloud (mildly dangerous; 1% risk of failure)
Confirm with . or Enter, or press ? or * to list all spells.
You feel quick.
As you read the scroll of fear, it crumbles to dust.
You assume a fearsome visage.
Asterion looks frightened!
Aizul easily resists.
You block Aizul's attack.
Aiming: Paralyse
Press: ? - help, Shift-Dir - straight line, f - Aizul
Aim: Aizul (moderately wounded, chance to affect: 5%)
Okay, then.
Okay, then.
Okay, then.
Press: ? - help, v - describe, . - travel
Here: Aizul (moderately wounded)
The floor.
Okay, then.
Okay, then.
Casting: Swiftness (safe; 1% risk of failure)
Confirm with . or Enter, or press ? or * to list all spells.
Casting: Ignition (dangerous; 8% risk of failure)
Press: ? - help, Dir - look around, f - activate The air bursts into flame!
The fireball engulfs Asterion.
Asterion resists.
Asterion is almost dead.
Your attack snaps Asterion out of his fear.
The fireball engulfs Aizul!
Aizul is moderately wounded.
Cornered, Asterion turns to fight!
You block Aizul's attack. Aizul closely misses you.
Casting: Ignition (dangerous; 8% risk of failure)
Confirm with . or Enter, or press ? or * to list all spells.
You don't have enough magic to cast this spell.
You feel yourself speed up. Aizul casts a spell at you.
You fall asleep.
Aizul says, "Replaced!
How does it feel to be replaced?"
Aizul hits you!!
You die...

#.......# #.......#
#####SH.(...# #.2....#.#.##
#H###.##.#.#### #.#
#.##.#..... #.# #.##.######
###################.###.##.#
#..
..........!.....@SH2##.....#
#.#
############################
#.# #.. ###


You could see Aizul, Asterion (fast) and a balrug (summoned).

Vanquished Creatures
  A dread lich (Vaults:4)
  Vashnia (Snake:2)
  Bai Suzhen (Vaults:4)
  Nikola (Snake:2)
  Rupert (D:15)
  A lich (Abyss:3)
  Jorgrun (D:15)
  Mlioglotl (Shoals:2)
  2 quicksilver dragons (Snake:4)
  A titan (Vaults:3)
  Gastronok (Orc:1)
  A kraken (Shoals:4)
  A tentacled starspawn (Abyss:3)
  A sphinx (Vaults:1)
  A tengu reaver (Vaults:2)
  5 nagarajas
  Ilsuiw (Shoals:2)
  Roxanne (Snake:2)
  Donald (Shoals:2)
  2 frost giants
  8 vault wardens
  An orc warlord (D:9)
  A balrug (Abyss:3)
  8 very ugly things
  4 stone giants
  16 ironbound preservers
  2 war gargoyles (Vaults:3)
  A reaper (IceCv)
  4 dire elephants
  A lorocyproca (Abyss:3)
  4 entropy weavers
  A minotaur (Lair:2)
  A white draconian (Abyss:3)
  A green death (Abyss:3)
  3 merfolk javelineers
  Josephine (Shoals:1)
  6 crystal guardians
  Snorg (Lair:4)
  The ghost of frimble the Prestidigitator, a journeyman GnAr of Cheibriados (Lair:2)
  A fire dragon (D:14)
  10 merfolk impalers
  11 yaktaur captains
  Erolcha (Orc:1)
  3 great orbs of eyes (Vaults:2)
  4 ice dragons
  7 ironbound thunderhulks
  5 peacekeepers
  An ogre mage (Vaults:4)
  4 boulder beetles
  11 naga warriors
  2 rakshasas (Abyss:3)
  9 centaur warriors
  4 salamander tyrants (Snake:4)
  6 merfolk avatars
  6 ironbound frosthearts
  8 hydras
  Harold (D:7)
  7 anacondas
  7 merfolk aquamancers
  3 vault guards (Vaults:3)
  4 alligator snapping turtles
  3 tengu warriors
  6 two-headed ogres
  A death yak (Lair:6)
  2 thrashing horrors
  5 ironbound beastmasters
  4 orc high priests (Orc:2)
  6 shock serpents
  11 naga sharpshooters
  A wretched star (Abyss:3)
  Sonja (Lair:4)
  Nergalle (Orc:1)
  27 slime creatures
  A spectral death yak (Lair:6)
  2 sixfirhies (Orc:2)
  2 salamander mystics
  35 deep trolls
  11 sea snakes
  A gelid demonspawn (Orc:2)
  A spectral anaconda (Lair:6)
  A torturous demonspawn (Orc:2)
  A flayed ghost (Vaults:1)
  A death drake (shapeshifter) (Vaults:2)
  A glowing orange brain (Depths:1)
  3 naga ritualists
  Pikel (D:4)
  An obsidian statue (Lair:6)
  13 ironbound convokers
  5 lindwurms
  6 necromancers
  3 phantasmal warriors
  11 wizards
  22 harpies
  A deep elf pyromancer (D:15)
  4 mana vipers
  4 orc knights (Orc:2)
  31 ugly things
  3 large abominations
  9 salamanders
  3 oklob plants
  8 orc sorcerers
  8 manticores
  6 fauns
  Maurice (Orc:2)
  9 cyclopes
  2 guardian serpents (Snake:4)
  10 elephants (Lair:6)
  3 ice statues
  2 rust devils (Orc:2)
  A worldbinder (Abyss:3)
  7 merfolk sirens
  An eye of devastation (Lair:6)
  16 vault sentinels
  18 black mambas
  5 water nymphs
  A torpor snail (Lair:3)
  4 smoke demons
  An orange demon (Orc:2)
  A molten gargoyle (Volcano)
  8 cane toads
  A torpor snail (shapeshifter) (Vaults:4)
  An apocalypse crab (Abyss:3)
  2 gargoyles
  A dire elephant skeleton (Lair:6)
  19 naga magi
  Maggie (D:7)
  An efreet (D:13)
  4 komodo dragons
  2 rime drakes (Lair:6)
  2 anaconda simulacra (IceCv)
  A freezing wraith (Vaults:4)
  28 yaktaurs
  3 ancient zymes (Abyss:3)
  3 tengu conjurers (D:13)
  7 ice devils (IceCv)
  A red devil (Volcano)
  7 trolls
  4 entropy weaver simulacra (IceCv)
  35 merfolk
  6 polar bears
  8 blink frogs
  2 spectral elephants (Lair:6)
  5 wind drakes
  3 hornets
  15 dream sheep
  3 small abominations (Abyss:3)
  11 snapping turtles
  Sigmund (D:5)
  A tarantella (shapeshifter) (D:14)
  8 redbacks
  3 dire elephant simulacra (IceCv)
  4 shadows
  A tarantella (Vaults:4)
  4 wyverns
  6 wraiths
  5 fire bats (Volcano)
  13 water elementals
  44 yaks
  6 basilisks
  2 steam dragons
  A chaos spawn (Orc:2)
  4 death yak simulacra
  Menkaure (D:5)
  A neqoxec (Abyss:3)
  14 vampire mosquitoes
  38 nagas
  A spatial vortex (Abyss:3)
  3 wargs (Orc:2)
  A harpy simulacrum (IceCv)
  A spectral cane toad (Lair:6)
  Edmund (D:4)
  19 water moccasins
  A floating eye (Lair:6)
  2 hell hounds (Volcano)
  A swamp drake (D:9)
  34 orc warriors
  2 hornet zombies
  3 sky beasts
  6 ogres
  An elephant zombie (Lair:6)
  9 ice beasts
  A black bear (Lair:1)
  2 elephant skeletons (Lair:6)
  10 wolves
  21 centaurs
  A phantom (D:4)
  5 kobold brigands
  13 bullfrogs
  A two-headed ogre simulacrum (IceCv)
  3 cane toad simulacra
  2 scorpions
  A water moccasin skeleton (D:7)
  An elephant simulacrum (Lair:6)
  2 electric eels
  3 howler monkeys (D:9)
  A wight (D:9)
  3 jellies (D:8)
  6 centaur zombies
  A crimson imp (D:8)
  6 lava snakes (Volcano)
  A quasit (Abyss:3)
  4 hounds
  18 orc priests
  2 iron imps
  Jessica (D:3)
  Ijyb (D:5)
  3 iguanas
  23 orc wizards
  Terence (D:3)
  A howler monkey zombie (D:8)
  4 gnolls (D:4)
  A howler monkey skeleton (D:7)
  8 adders
  A naga simulacrum (IceCv)
  A shadow imp (Abyss:3)
  5 white imps
  An ufetubus (Abyss:3)
  A worm (D:2)
  The ghost of CraigForest the Sneak, a weakling GrDe (D:4)
  A dart slug (D:2)
  70 orcs
  9 bats
  14 endoplasms
  3 giant cockroaches
  13 goblins
  4 hobgoblins
  4 jackals
  6 quokkas
  7 ball pythons
  A frilled lizard (D:1)
  14 kobolds
  10 rats
  A lurking horror (Abyss:3)
  2 starspawn tentacles (Abyss:3)
  2 tentacles (Shoals:4)
1303 creatures vanquished.

Vanquished Creatures (collateral kills)
  2 thrashing horrors (Abyss:3)
  A glowing orange brain (Abyss:3)
  A large abomination (Abyss:3)
  A white imp (Abyss:3)
  2 foxfires
7 creatures vanquished.

Vanquished Creatures (others)
  A naga warrior (Snake:4)
  A spectral death yak (Lair:6)
  An orc wizard (Orc:1)
  472 foxfires
  29 fungi
  90 plants
  2 starspawn tentacles (Abyss:3)
  2 tentacles (Shoals:4)
  7 toadstools (D:8)
  30 withered plants (Lair:6)
635 creatures vanquished.

Grand Total: 1945 creatures vanquished

Notes
Turn   | Place    | Note
-------+----------+-------------------------------------------
     0 | D:1      | SolCadguy the Draconian Ice Elementalist began the quest
                  | for the Orb.
     0 | D:1      | Reached XP level 1. HP: 14/14 MP: 3/3
   162 | D:1      | Reached XP level 2. HP: 5/20 MP: 0/5
  1032 | D:1      | Reached skill level 5 in Ice Magic
  1076 | D:1      | Reached XP level 3. HP: 25/26 MP: 4/6
  1580 | D:2      | Learned a level 3 spell: Frozen Ramparts
  2003 | D:2      | Reached XP level 4. HP: 33/33 MP: 5/7
  2037 | D:2      | Learned a level 3 spell: Ozocubu's Armour
  2428 | D:2      | You fall into a shaft and drop 2 floors!
  2485 | D:3      | Reached skill level 1 in Polearms
  2485 | D:3      | Noticed Terence
  2491 | D:3      | Killed Terence
  2492 | D:3      | Reached XP level 5. HP: 38/38 MP: 2/8
  2501 | D:3      | Noticed Jessica
  2617 | D:3      | Killed Jessica
  2815 | D:3      | Reached skill level 1 in Long Blades
  2965 | D:3      | Noticed Grinder
  3496 | D:4      | Reached XP level 6. HP: 45/45 MP: 5/9
  3506 | D:4      | Noticed Pikel
  3511 | D:4      | Killed Pikel
  3512 | D:4      | Your scales start taking on a fiery red colour.
  3512 | D:4      | Reached XP level 7. HP: 50/50 MP: 1/10
  3512 | D:4      | Gained mutation: Your flesh is heat resistant. (rF+) [Red
                  | Draconian growth]
  3730 | D:4      | Noticed Edmund
  3739 | D:4      | Reached skill level 5 in Long Blades
  3740 | D:4      | Killed Edmund
  3741 | D:4      | Reached XP level 8. HP: 43/57 MP: 2/11
  4112 | D:4      | Found a large runed translucent door.
  4112 | D:4      | Found a large runed translucent door.
  4115 | D:4      | Noticed CraigForest's ghost (weakling GrDe)
  4390 | D:4      | Found a hazy altar of Hepliaklqana.
  4390 | D:4      | Found a blossoming altar of Fedhas.
  4393 | D:4      | Found an ancient bone altar of Kikubaaqudgha.
  4555 | D:4      | Killed CraigForest's ghost
  4611 | D:5      | Entered Level 5 of the Dungeon
  5061 | D:5      | Found a staircase to the Ecumenical Temple.
  5107 | Temple   | Entered the Ecumenical Temple
  5191 | Temple   | Became a worshipper of Vehumet
  5263 | D:5      | Noticed Menkaure
  5264 | D:5      | Killed Menkaure
  5265 | D:5      | Reached skill level 1 in Shields
  5568 | D:5      | Noticed Sigmund
  5571 | D:5      | Killed Sigmund
  5571 | D:5      | Noticed Ijyb
  5577 | D:5      | Killed Ijyb
  5798 | D:5      | Found a white marble altar of Elyvilon.
  5803 | D:5      | Found a glowing silver altar of Zin.
  5804 | D:5      | Found a glowing golden altar of the Shining One.
  5944 | D:6      | Reached XP level 9. HP: 62/62 MP: 8/12
  6397 | D:6      | Found a bloodstained altar of Trog.
  6532 | D:6      | Found a transporter.
  6591 | D:6      | Found a transporter.
  6657 | D:6      | Reached skill level 1 in Fighting
  7105 | D:7      | Reached skill level 2 in Fighting
  7174 | D:7      | Reached * piety under Vehumet
  7174 | D:7      | Offered knowledge of Shock by Vehumet.
  7244 | D:7      | Reached skill level 3 in Fighting
  7339 | D:7      | Noticed Harold
  7348 | D:7      | Killed Harold
  7349 | D:7      | Reached skill level 4 in Fighting
  7472 | D:7      | Learned a level 1 spell: Shock
  7635 | D:7      | Found Zuonlunu's CLEARANCE SALE! EVERYTHING MUST GO!.
  7805 | D:7      | Noticed Maggie
  7825 | D:7      | Killed Maggie
  7826 | D:7      | Reached XP level 10. HP: 49/80 MP: 10/13
  8064 | D:7      | Reached skill level 5 in Fighting
  8229 | D:8      | Noticed a gargoyle
  8271 | D:8      | Killed a gargoyle
  8471 | D:8      | Learned a level 4 spell: Hailstorm
  8919 | D:8      | Reached skill level 6 in Fighting
  8948 | D:8      | HP: 2/83 [very large slime creature (27)]
  9002 | D:8      | Reached ** piety under Vehumet
  9003 | D:8      | Reached skill level 10 in Long Blades
  9529 | D:9      | Offered knowledge of Foxfire by Vehumet.
  9533 | D:9      | Learned a level 1 spell: Foxfire
  9586 | D:9      | Reached skill level 1 in Conjurations
  9637 | D:9      | Reached skill level 7 in Fighting
  9674 | D:9      | Identified a scroll of acquirement
  9674 | D:9      | Acquired a +3 scimitar of holy wrath
  9818 | D:9      | Found a staircase to the Lair.
 10207 | D:9      | Reached XP level 11. HP: 81/92 MP: 8/14
 10278 | D:9      | Offered knowledge of Conjure Flame by Vehumet.
 10325 | D:9      | Found a staircase to the Orcish Mines.
 10571 | D:9      | Found Jaeby's Antique Weapon Shoppe.
 10601 | D:9      | Reached *** piety under Vehumet
 10810 | D:9      | Found a runed translucent door.
 10828 | D:9      | Found a runed translucent door.
 10881 | D:9      | Found an ornate altar of the Wu Jian Council.
 10881 | D:9      | Found a broken altar of Ashenzari.
 10912 | D:9      | Found a runed translucent door.
 10926 | D:9      | Found a runed translucent door.
 11201 | Lair:1   | Entered Level 1 of the Lair of Beasts
 11347 | Lair:1   | Reached skill level 8 in Fighting
 11353 | Lair:1   | Noticed a five-headed hydra
 11368 | Lair:1   | Killed a five-headed hydra
 11574 | Lair:1   | Noticed a five-headed hydra
 11619 | Lair:1   | Killed a five-headed hydra
 11672 | Lair:1   | Learned a level 3 spell: Conjure Flame
 11939 | Lair:1   | Offered knowledge of Ignite Poison by Vehumet.
 12201 | Lair:1   | Reached skill level 9 in Fighting
 12586 | Lair:1   | Identified the +5 spear of the Hall of Blades {vorpal, rC+
                  | rCorr Dex+6 Stlth-}
 12743 | Lair:2   | Found the +5 robe of Misfortune {Contam Harm *Corrode Drain
                  | *Slow EV+5}
 12789 | Lair:2   | Reached skill level 5 in Spellcasting
 12913 | Lair:2   | Learned a level 3 spell: Ignite Poison
 13019 | Lair:2   | Reached skill level 1 in Fire Magic
 13026 | Lair:2   | Noticed an ice dragon
 13040 | Lair:2   | Killed an ice dragon
 13040 | Lair:2   | Reached **** piety under Vehumet
 13201 | Lair:2   | Found a runed translucent gate.
 13201 | Lair:2   | Found a runed translucent gate.
 13201 | Lair:2   | Found a runed translucent gate.
 13328 | Lair:2   | Reached XP level 12. HP: 97/106 MP: 14/19
 13335 | Lair:2   | Found a staircase to the Snake Pit.
 13366 | Lair:2   | Reached skill level 10 in Fighting
 13541 | Lair:2   | Noticed a four-headed hydra
 13554 | Lair:2   | Killed a four-headed hydra
 14091 | Lair:2   | Noticed frimble's ghost (journeyman GnAr)
 14109 | Lair:2   | Noticed a minotaur
 14838 | Lair:3   | Offered knowledge of Inner Flame by Vehumet.
 14991 | Lair:3   | Reached skill level 5 in Fire Magic
 15749 | Lair:4   | Noticed a seven-headed hydra
 16080 | Lair:4   | Killed a seven-headed hydra
 16239 | Lair:4   | Noticed a five-headed hydra
 16254 | Lair:4   | Killed a five-headed hydra
 16258 | Lair:4   | Noticed Sonja
 16266 | Lair:4   | Killed Sonja
 16362 | Lair:4   | Found a staircase to the Shoals.
 16588 | Lair:4   | Reached skill level 5 in Conjurations
 17202 | Lair:4   | Identified the +5 ring mail "Siabu" {Fly rF+}
 17281 | Lair:4   | Noticed Snorg
 17288 | Lair:4   | Killed Snorg
 17324 | Lair:4   | Noticed an ice dragon
 17346 | Lair:4   | Killed an ice dragon
 17895 | Lair:4   | Upgraded the game from 0.28-a0-384-g9e0c098162 to
                  | 0.28-a0-401-ge240ad9e29
 18018 | Lair:1   | Acquired the amulet "Weshuitz" {Reflect rPois rF- rC++
                  | rCorr SH+5}
 18268 | Lair:5   | Found a transporter.
 18287 | Lair:5   | Found a dark tunnel.
 18296 | Volcano  | Entered a volcano
 18679 | Volcano  | Reached XP level 13. HP: 90/113 MP: 12/22
 18761 | Volcano  | Found a radiant altar of Vehumet.
 18891 | Volcano  | Learned a level 6 spell: Starburst
 18903 | Volcano  | Paralysed by an orc sorcerer for 4 turns
 18929 | Volcano  | Identified the +0 pair of gloves of Liberty {rF- Int+5}
 19191 | Volcano  | Identified the +5 hand axe of Beecheyby {freeze, rPois
                  | Dex+2}
 19273 | Lair:5   | Identified the +8 rapier "Fivil" {holy, rF+ rC- Int+3
                  | Dex+3}
 19571 | Lair:5   | Found a transporter.
 19614 | Lair:5   | Found a bloodstained altar of Trog.
 20134 | Lair:5   | Noticed Ceusitew's ghost (journeyman TrMo)
 20301 | Lair:6   | Entered Level 6 of the Lair of Beasts
 21195 | Lair:6   | Found a staircase to the Slime Pits.
 21481 | Lair:6   | Noticed a dire elephant
 21482 | Lair:6   | Noticed a dire elephant
 21529 | Lair:6   | Killed a dire elephant
 22205 | Lair:6   | Killed a dire elephant
 22727 | Lair:6   | Reached ***** piety under Vehumet
 22727 | Lair:6   | Offered knowledge of Irradiate by Vehumet.
 22905 | Lair:6   | Reached skill level 10 in Spellcasting
 22912 | Lair:6   | Reached XP level 14. HP: 91/122 MP: 2/28
 23089 | Lair:6   | Got Ynonafal's Reference Book on the Frostbite
 24360 | Orc:1    | Entered Level 1 of the Orcish Mines
 24360 | Orc:1    | Noticed Erolcha
 24363 | Orc:1    | Noticed Nergalle
 24365 | Orc:1    | Killed Erolcha
 24370 | Orc:1    | Reached skill level 5 in Dodging
 24380 | Orc:1    | Killed Nergalle
 24575 | Orc:1    | Noticed an orc warlord
 24722 | Orc:1    | Found Ysyigox's Armour Shoppe.
 24725 | Orc:1    | Found a transporter.
 24727 | Orc:1    | Found a transporter.
 24759 | Orc:1    | Noticed an orc warlord
 24963 | D:9      | Killed an orc warlord
 24964 | D:9      | Reached skill level 11 in Fighting
 25196 | D:9      | Learned a level 5 spell: Lightning Bolt
 25200 | D:9      | Learned a level 3 spell: Swiftness
 25218 | D:10     | Entered Level 10 of the Dungeon
 25397 | D:10     | Found a shimmering blue altar of Sif Muna.
 25464 | D:10     | Reached skill level 1 in Air Magic
 25521 | D:10     | Found a sparkling altar of Nemelex Xobeh.
 25623 | D:10     | Found a stormy altar of Qazlal.
 25677 | D:10     | You fall into a shaft and drop 1 floor!
 25679 | D:11     | Found a portal to a secret trove of treasure.
 27600 | D:12     | Found a frozen archway.
 27605 | IceCv    | Entered an ice cave
 27844 | IceCv    | Offered knowledge of Yara's Violent Unravelling by Vehumet.
 28514 | IceCv    | Noticed a reaper
 28527 | IceCv    | Killed a reaper
 28845 | IceCv    | Acquired a +1 double sword of freezing
 29423 | D:12     | Reached skill level 5 in Air Magic
 31170 | D:13     | Reached XP level 15. HP: 110/130 MP: 29/29
 31707 | D:14     | Identified the +7 hunting sling "Tulouvist" {venom, Str+3}
 32217 | D:14     | Offered knowledge of Iskenderun's Battlesphere by Vehumet.
 32218 | D:14     | Reached skill level 10 in Conjurations
 32375 | D:14     | Learned a level 5 spell: Iskenderun's Battlesphere
 33538 | D:14     | Found a gate to the Vaults.
 33606 | D:14     | Found an ornate altar of the Wu Jian Council.
 33739 | D:15     | Entered Level 15 of the Dungeon
 33870 | D:7      | Bought 2 scrolls of identify for 20 gold pieces
 33872 | D:7      | Gained mutation: You have sharp toenails. [potion of
                  | mutation]
 33872 | D:7      | Gained mutation: You are somewhat resistant to further
                  | mutation. [potion of mutation]
 34056 | D:15     | Noticed Rupert
 34410 | Orc:1    | Noticed Gastronok
 34444 | Orc:1    | Killed Gastronok
 34653 | Orc:2    | Entered Level 2 of the Orcish Mines
 34653 | Orc:2    | Noticed Maurice
 34661 | Orc:2    | Killed Maurice
 34946 | Orc:2    | Found a staircase to the Elven Halls.
 35027 | Orc:2    | Found Celoch's Magic Scroll Boutique.
 35034 | Orc:2    | Reached skill level 15 in Long Blades
 35133 | Orc:2    | Found Haowiedgh's Magic Scroll Shop.
 35838 | Orc:2    | Found Honinn's Book Emporium.
 35838 | Orc:2    | Found a one-way gate leading to the halls of Pandemonium.
 35838 | Orc:2    | Found Ystebach's Antique Armour Shoppe.
 35902 | Orc:2    | Bought a scroll of identify for 28 gold pieces
 35984 | Orc:2    | Offered knowledge of Ozocubu's Refrigeration by Vehumet.
 36571 | Orc:2    | Bought a pair of glowing boots for 217 gold pieces
 37012 | Lair:2   | Killed frimble's ghost
 37199 | Snake:1  | Entered Level 1 of the Snake Pit
 39161 | Snake:2  | Noticed Roxanne
 39180 | Snake:2  | You fall into a shaft and drop 1 floor!
 39361 | Snake:2  | Noticed a nagaraja
 39361 | Snake:2  | Noticed Nikola
 39519 | Snake:2  | Killed Nikola
 39520 | Snake:2  | Reached XP level 16. HP: 39/138 MP: 6/30
 40172 | Snake:2  | Found Ompe's Distillery.
 40199 | Snake:2  | Noticed Vashnia
 40222 | Snake:2  | Killed Vashnia
 40223 | Snake:2  | Reached skill level 12 in Fighting
 40416 | Snake:2  | Found Vadghep's Book Shop.
 40968 | Snake:2  | Upgraded the game from 0.28-a0-401-ge240ad9e29 to
                  | 0.28-a0-410-gbef64dd269
 41458 | Snake:3  | Reached skill level 13 in Fighting
 41583 | Snake:3  | Offered knowledge of Conjure Ball Lightning by Vehumet.
 41648 | Snake:3  | Reached skill level 10 in Fire Magic
 42338 | Snake:4  | Entered Level 4 of the Snake Pit
 42753 | Snake:4  | Noticed a quicksilver dragon
 42768 | Snake:4  | Killed a quicksilver dragon
 42781 | Snake:4  | Reached skill level 14 in Fighting
 43177 | Snake:4  | Reached XP level 17. HP: 152/152 MP: 17/32
 44031 | Snake:4  | Noticed a quicksilver dragon
 44141 | Snake:4  | Killed a quicksilver dragon
 44367 | Snake:4  | Got a serpentine rune of Zot
 44674 | Snake:4  | Found Losmot's Book Shoppe.
 44675 | Snake:4  | Found Zyzicvo's Jewellery Boutique.
 44675 | Snake:4  | Found Mozxuuf's Jewellery Boutique.
 44691 | Snake:4  | Bought the ring of Ralovifouss {rF+ rC+ Will+ SInv Stlth+}
                  | for 795 gold pieces
 45652 | Shoals:1 | Entered Level 1 of the Shoals
 46011 | Shoals:1 | Found Byonlu's Armour Shoppe.
 46307 | Shoals:1 | Noticed Josephine
 46320 | Shoals:1 | Killed Josephine
 46336 | Shoals:1 | Found Ofycsal's Book Shop.
 46751 | Shoals:1 | Found Fotaf's Antique Armour Shop.
 46755 | Shoals:1 | Found Xafaunor's Distillery.
 46802 | Shoals:1 | Reached skill level 15 in Fighting
 46832 | Shoals:1 | Bought a potion of heal wounds for 60 gold pieces
 46859 | Shoals:1 | Reached skill level 5 in Shields
 47256 | Shoals:2 | Noticed Mlioglotl
 47616 | Shoals:2 | Offered knowledge of Freezing Cloud by Vehumet.
 47793 | Shoals:2 | Killed Mlioglotl
 47979 | Shoals:2 | Noticed Ilsuiw
 49483 | Shoals:2 | Killed Ilsuiw
 49619 | Shoals:2 | Noticed Donald
 49787 | Shoals:1 | Learned a level 5 spell: Freezing Cloud
 49797 | Shoals:2 | Killed Donald
 51164 | Shoals:3 | Reached skill level 1 in Evocations
 51474 | Shoals:3 | Reached XP level 18. HP: 152/163 MP: 34/34
 52356 | Shoals:4 | Entered Level 4 of the Shoals
 52934 | Shoals:4 | Found the +5 scythe "Finisher" {speed, eviscerate}
 53281 | Shoals:4 | Cast into level 2 of the Abyss (merfolk siren)
 53868 | Abyss:3  | Noticed a lich
 53872 | Abyss:3  | Killed a lich
 53896 | Shoals:4 | Escaped the Abyss
 54840 | Shoals:4 | Offered knowledge of Ignition by Vehumet.
 55207 | Shoals:4 | Got a barnacled rune of Zot
 55701 | Shoals:3 | Learned a level 8 spell: Ignition
 56093 | D:15     | Noticed Jorgrun
 56097 | D:15     | Killed Rupert
 56112 | D:15     | Killed Jorgrun
 56759 | D:15     | Reached skill level 15 in Spellcasting
 57090 | D:15     | Found a snail-covered altar of Cheibriados.
 57460 | D:15     | Found a staircase to the Depths.
 57547 | D:15     | Acquired 904 gold pieces
 57792 | Orc:2    | Bought a manual of Evocations for 960 gold pieces
 58042 | Snake:4  | Bought a manual of Fighting for 1280 gold pieces
 58329 | Vaults:1 | Entered Level 1 of the Vaults
 58991 | Vaults:1 | Reached XP level 19. HP: 171/171 MP: 34/38
 59011 | Vaults:1 | Reached skill level 5 in Evocations
 59341 | Vaults:1 | You fall into a shaft and drop 1 floor!
 59455 | Vaults:2 | Reached skill level 16 in Fighting
 60156 | Vaults:1 | Reached ****** piety under Vehumet
 60977 | Vaults:1 | Reached skill level 17 in Fighting
 61170 | Vaults:2 | Offered knowledge of Fire Storm by Vehumet.
 61170 | Vaults:2 | Offered knowledge of Chain Lightning by Vehumet.
 61170 | Vaults:2 | Offered knowledge of Polar Vortex by Vehumet.
 61701 | Vaults:2 | Found a staircase to the Crypt.
 61701 | Vaults:2 | Found an ancient bone altar of Kikubaaqudgha.
 61702 | Vaults:2 | Found a basalt altar of Yredelemnul.
 61809 | Vaults:2 | You fall into a shaft and drop 1 floor!
 62059 | Vaults:3 | Found Ohi Poph's Assorted Antiques.
 62078 | Vaults:3 | Reached skill level 10 in Evocations
 62126 | Vaults:3 | Found Homauje's Antique Armour Emporium.
 62134 | Vaults:3 | Bought a shiny kite shield for 232 gold pieces
 62949 | Vaults:3 | Found Zotufeun's Armour Boutique.
 63050 | Vaults:3 | Reached skill level 18 in Fighting
 63496 | Vaults:3 | Reached XP level 20. HP: 171/189 MP: 28/39
 63701 | Vaults:3 | Found Naeclasho's Assorted Antiques.
 63714 | Vaults:3 | Reached skill level 15 in Fire Magic
 64624 | Vaults:3 | Bought a coiled pewter ring for 190 gold pieces
 64624 | Vaults:3 | Identified the ring "Vuqaehun" {rPois Will++ rCorr} (You
                  | bought it in a shop on level 3 of the Vaults)
 64632 | Vaults:3 | Found Zymm's Weapon Emporium.
 65165 | Vaults:2 | Reached skill level 19 in Fighting
 67350 | Vaults:4 | Noticed Bai Suzhen
 67391 | Vaults:4 | Killed Bai Suzhen
 67875 | Vaults:4 | Noticed a dread lich
 67891 | Vaults:4 | Killed a dread lich
 68687 | Vaults:4 | Found Zaetiun's Book Boutique.
 68954 | Vaults:4 | Reached XP level 21. HP: 133/198 MP: 30/41
 68975 | Vaults:4 | Noticed a dread lich
 69462 | Snake:2  | Killed Roxanne
 70535 | Depths:1 | Entered Level 1 of the Depths
 70535 | Depths:1 | Found Tyiguh Sups's Magic Scroll Emporium.
 71165 | Depths:1 | Noticed Asterion
 71170 | Depths:1 | Noticed Aizul
 71193 | Depths:1 | Mangled by Aizul

Illustrated notes

Levels and vault maps discovered:
D:1:      elethiomel_arrival_diamonds, layout_rooms, kennysheep_another_room,
          minmay_shallow_snake_nest
D:2:      minmay_diamond_boxcup, layout_rooms, minmay_tetromino_s4
D:3:      layout_basic, uniq_terence, uniq_jessica, uniq_grinder
D:4:      layout_loops_ring, minitemple, ebering_ghost_disaster_area,
          kennysheep_doodads, grunt_tough_drop, uniq_pikel, uniq_edmund
D:5:      layout_rooms, good_gods_temple_1, minmay_temple_entry_crystal_x,
          minmay_misc_feat_roman, uniq_ijyb, uniq_sigmund, uniq_menkaure
D:6:      gammafunk_cloud_chamber, layout_basic,
          mainiacjoe_overflow_surrounded_room, minmay_stone_trees_medium
D:7:      layout_loops_ring, nicolae_shop_clearance, uniq_harold, uniq_maggie
D:8:      cheibrodos_fertilizer, layout_rooms, minmay_fire_ice_demons
D:9:      layout_stronghold, gammafunk_temple_overflow_wave,
          minmay_lair_entry_grove, erik_orc_1, serial_shops,
          nicolae_shop_waterfront, enter_bailey_3, minmay_statue_crystal_thing
D:10:     layout_basic, mainiacjoe_overflow_paths, led_sif_pool,
          nicolae_qazlal_style_of_elements, minmay_orc_keep
D:11:     layout_roguey, enter_trove_0, minmay_misc_feat_diagonals
D:12:     layout_cave_pods, portal_ice_cave_entry_pillars_2
D:13:     layout_irregular_city, kennysheep_small_spiral, drop_trap
D:14:     layout_loops_cross, david_vaults_4,
          nicolae_wu_jian_immortal_techniques
D:15:     grunt_enter_depths_snipers, layout_gridville, dk_noncrumbling_2,
          chei_slow_surprise, uniq_rupert, uniq_jorgrun
Temple:   eino_temple_lava
Lair:1:   layout_regular_city
Lair:2:   layout_regular_city, guppyfry_snake_entry_island,
          maelrawn_ghost_gauntlet_escape, ice2_lemuel
Lair:3:   layout_concentric_octagons, serial_bayou_pond_e, serial_bayou_ford_a
Lair:4:   layout_cave_pods, elwin_shoals_entry_rooms, bobbens_ice_dragon_lair,
          uniq_sonja, uniq_snorg
Lair:5:   layout_cave_pods, gammafunk_ghost_wrathful_warriors, enter_volcano_1,
          chequers_serial_rivers_small_a
Lair:6:   due_jungle_book, layout_regular_city, minmay_slime_entry_eyes,
          minivault_19
Shoals:1: layout_shoals, serial_shops, nicolae_shop_trees, shop_statue,
          nicolae_shop_overgrown_old_shop, shop_statue, uniq_josephine
Shoals:2: layout_shoals, nicolae_shoals_flooded_hall, uniq_mlioglotl,
          uniq_ilsuiw, uniq_donald
Shoals:3: layout_shoals
Shoals:4: shoals_end_hangedman, layout_shoals
Snake:1:  layout_layer_cave
Snake:2:  layout_misc_corridors, serial_shops, nicolae_shop_window_shopping,
          shop, serial_bayou_shore_b, uniq_nikola, uniq_vashnia, uniq_roxanne
Snake:3:  layout_rooms, lemuel_fruit_tree, serial_bayou_shore_b,
          serial_bayou_shore_a
Snake:4:  hellmonk_snake_rune_quicksilver_temple, layout_basic,
          minmay_shop_grove
Orc:1:    gammafunk_beogh_shrine, layout_diamond_mine, basic_altar,
          serial_shops, shop, uniq_nergalle, uniq_gastronok, uniq_erolcha
Orc:2:    pf_orc_diabolical, layout_caves, nicolae_orc_bridge_out,
          mines3_lemuel, uniq_maurice
Vaults:1: vaults_room_hangedman_quadrants, nicolae_vaults_network_square,
          nicolae_vaults_little_squares_6, v_pattern_3,
          hangedman_vaults_capsules, ontoclasm_vaults_ring_large,
          nicolae_vaults_stairing_the_circle, vaults_mumra_lcd,
          nicolae_vaults_little_squares_3, v_misc_9, layout_vaults_omnibox
Vaults:2: v_misc_2, vaults_room_pools, dpeg_vaults_monster_box,
          minmay_crypt_entry_necro_gods, nicolae_vaults_c_with_doors,
          nicolae_vaults_little_squares_6, vaults_mumra_chevron_long,
          ontoclasm_vaults_misaligned, layout_vaults_omnigrid
Vaults:3: nicolae_vaults_little_squares_5, vaults_mumra_minichess,
          nicolae_vaults_asterisk, hangedman_vaults_hat, vaults_room_corners,
          v_misc_23, v_misc_23, dpeg_vaults_monster_row,
          nicolae_vaults_diagonal_hallway_9, nicolae_vaults_mini_display_case,
          nicolae_vaults_little_ls, nicolae_vaults_alarming, vaults_dpeg_cross,
          vaults_room_stairs_pillars, layout_vaults_omnicross, serial_shops,
          nicolae_shop_statue_plus, nicolae_shop_crystal, shop,
          nicolae_square_shop, shop_fountains
Vaults:4: nicolae_vaults_triangles, nicolae_vaults_little_squares_2,
          hangedman_vaults_corner_blocks, v_misc_12, v_misc_22, st_eye,
          hangedman_vaults_stretched_pinwheel, vaults_mumra_chevron,
          vaults_room_pools, v_misc_32, ontoclasm_vaults_ring_large,
          hangedman_vaults_impose, hangedman_vaults_river_flow,
          layout_vaults_maze_snakey, serial_shops, nicolae_diamond_shop,
          uniq_bai_suzhen
Depths:1: layout_basic, enter_ziggurat_e, hell_entry, serial_shops,
          shop_fountains, minmay_statues_item, minmay_misc_feat_rugged,
          feat_on_display, uniq_asterion, uniq_aizul

Skill      XL: |  1  2  3  4  5  6  7  8  9 10 11 12 13 14 15 16 17 18 19 20 21 |
---------------+----------------------------------------------------------------+-----
Ice Magic      | 5 6 6 7 8 |  8.0
Polearms       | 1 |  1.6
Long Blades    | 2 4 5 7 9 10 11 13 14 16 | 16.0
Shields        | 3 4 6 7 |  7.2
Fighting       | 4 7 9 10 11 14 15 18 19 | 19.0
Dodging        | 4 5 6 |  6.3
Conjurations   | 3 6 9 12 13 | 13.1
Spellcasting   | 5 6 10 11 12 15 16 | 16.3
Fire Magic     | 2 6 8 11 12 14 17 | 17.6
Air Magic      | 5 6 |  6.2
Evocations     | 1 4 11 12 | 12.5
Stealth        | |  1.7

Action                   |  1- 3 |  4- 6 |  7- 9 | 10-12 | 13-15 | 16-18 | 19-21 || total
-------------------------+-------+-------+-------+-------+-------+-------+-------++-------
Melee: Unarmed           |    13 |       |       |       |       |       |       ||    13
       Short sword       |    50 |       |       |    11 |       |       |       ||    61
       Tailslap          |     8 |     5 |    23 |    47 |   130 |    90 |   118 ||   421
       Spear             |    12 |    33 |       |       |       |       |       ||    45
       Falchion          |       |    51 |   125 |   421 |    64 |       |       ||   661
       Scimitar          |       |       |       |       |   440 |    70 |    21 ||   531
       Rapier            |       |       |       |       |    78 |       |     2 ||    80
       Double sword      |       |       |       |       |   278 |   640 |   568 ||  1486
       Staff             |       |       |       |       |       |     2 |       ||     2
Throw: Dart              |     3 |     5 |    32 |    96 |   196 |     3 |    97 ||   432
       Stone             |       |       |       |     1 |       |       |       ||     1
       Boomerang         |       |       |       |       |       |    87 |       ||    87
 Cast: Freeze            |    27 |     6 |     1 |    23 |     5 |       |       ||    62
       Frozen Ramparts   |     1 |     8 |    19 |    37 |    73 |    69 |    34 ||   241
       Ozocubu's Armour  |       |       |     4 |    31 |    71 |    86 |    53 ||   245
       Foxfire           |       |       |       |    46 |    50 |   160 |    12 ||   268
       Hailstorm         |       |       |       |    38 |    50 |   119 |       ||   207
       Shock             |       |       |       |     1 |     3 |       |     1 ||     5
       Starburst         |       |       |       |       |    51 |    44 |    14 ||   109
       Conjure Flame     |       |       |       |       |     7 |     1 |       ||     8
       Ignite Poison     |       |       |       |       |    13 |       |     9 ||    22
       Swiftness         |       |       |       |       |     2 |     1 |     1 ||     4
       Lightning Bolt    |       |       |       |       |     1 |       |       ||     1
       Iskenderun's Batt |       |       |       |       |     7 |    41 |     3 ||    51
       Freezing Cloud    |       |       |       |       |       |     7 |    63 ||    70
       Ignition          |       |       |       |       |       |     5 |    36 ||    41
 Abil: Breathe Fire      |       |       |    21 |    50 |    70 |    91 |    34 ||   266
Evoke: Wand              |       |       |     2 |     4 |     3 |     5 |       ||    14
       Phial of floods   |       |       |       |       |     1 |       |       ||     1
  Use: Scroll            |       |     2 |       |    15 |    19 |    13 |     6 ||    55
       Potion            |       |       |       |    10 |    16 |    12 |     3 ||    41
 Stab: Sleeping          |     4 |     2 |     2 |     1 |     1 |     5 |     7 ||    22
       Distracted        |       |       |     1 |       |       |     2 |       ||     3
Armor: Skin              |    30 |    25 |    26 |   111 |   201 |   254 |   193 ||   840
Dodge: Dodged            |    70 |    63 |    78 |   295 |   493 |   331 |   245 ||  1575
Block: Buckler           |       |       |    19 |    81 |   359 |   365 |   191 ||  1015
       Reflection        |       |       |       |     2 |    28 |    50 |    30 ||   110
       Kite shield       |       |       |       |       |       |       |    29 ||    29

Table legend: (Time is in decaauts)
 A = Elapsed time spent in this place.
 B = Non-inter-level travel time spent in this place.
 C = Inter-level travel time spent in this place.
 D = Time resting spent in this place.
 E = Time spent auto-exploring this place.
 F = Levels seen in this place.
 G = Mean time per level.
                   A        B        C        D        E       F      G
               +--------+--------+--------+--------+--------+-----+--------+
         Total |  70848 |  65553 |   5295 |  24654 |  27768 |  41 | 1728.0 |
       Dungeon |  21874 |  19179 |   2695 |   4543 |  10815 |  15 | 1458.3 |
        Temple |     91 |     85 |      6 |      0 |     67 |   1 |   91.0 |
          Lair |  13395 |  12078 |   1317 |   4395 |   4957 |   6 | 2232.5 |
        Shoals |   9466 |   9267 |    199 |   5129 |   2452 |   4 | 2366.5 |
     Snake Pit |   8774 |   8330 |    444 |   3486 |   3474 |   4 | 2193.5 |
  Orcish Mines |   3056 |   2782 |    274 |    668 |   1242 |   2 | 1528.0 |
        Vaults |  10709 |  10350 |    359 |   4499 |   4043 |   4 | 2677.2 |
        Depths |    653 |    653 |      0 |    215 |    336 |   1 |  653.0 |
         Abyss |    595 |    595 |      0 |    343 |     32 |   2 |  297.5 |
      Ice Cave |   1281 |   1281 |      0 |    907 |     48 |   1 | 1281.0 |
       Volcano |    947 |    947 |      0 |    469 |    300 |   1 |  947.0 |
               +--------+--------+--------+--------+--------+-----+--------+

Top non-repeatable levels by time:
Vaults:3: 3895 daAuts
Shoals:1: 3462 daAuts
  Lair:6: 3424 daAuts
Vaults:1: 2595 daAuts
     D:9: 2530 daAuts
  Lair:1: 2518 daAuts
 Snake:2: 2476 daAuts
  Lair:4: 2448 daAuts
Vaults:2: 2397 daAuts
 Snake:4: 2381 daAuts
 Snake:1: 2338 daAuts
Shoals:3: 2105 daAuts
   Orc:2: 2034 daAuts
    D:13: 2005 daAuts
  Lair:2: 1977 daAuts
